 Dungeon Crawl Stone Soup version 0.18-a0-1468-gaf180a1 (webtiles) character file.

921 namelastname112 the Martial Artist (level 7, 0/57 HPs)
             Began as a Grey Draconian Monk on Mar 2, 2016.
             Slain by an orc wizard
             ... wielding a +0 dagger
              (6 damage)
             ... on level 4 of the Dungeon.
             The game lasted 00:06:09 (3902 turns).

namelastname112 the Martial Artist (DrMo)           Turns: 3902, Time: 00:06:10

Health: 0/57       AC: 12    Str: 13    XL:     7   Next: 84%
Magic:  7/7        EV: 18    Int: 15    God:
Gold:   277        SH:  4    Dex: 21    Spells: 0 memorised, 6 levels left

rFire  . . .     SeeInvis .       - Unarmed
rCold  . . .     Gourm    .     (armour unavailable)
rNeg   . . .     Faith    .     s - +0 buckler
rPois  .         Spirit   .     (helmet restricted)
rElec  .         Dismiss  .     (no cloak)
rCorr  .         Reflect  .     v - +0 pair of gloves
SustAt .         Harm     .     (no boots)
MR     .....     Rnd*Rage +     (no amulet)
Stlth  +++.......               (no ring)
                                (no ring)

@: brilliant, agile, lethally poisoned (0 -> -21), not resistant to hostile
enchantments, fairly stealthy
A: walk through water, unfitting armour, big wings, fangs 1, horns 1, berserk 1,
unbreathing, cold-blooded, AC +11
a: Fly


You were on level 4 of the Dungeon.
You were not hungry.

You visited 1 branch of the dungeon, and saw 4 of its levels.
You also visited: Sewer.

You collected 277 gold pieces.

Inventory:

Armour
 s - a +0 buckler (worn)
 v - a +0 pair of gloves (worn)
Rods
 n - a +1 lightning rod (3/11)
   (You found it in a sewer)
Wands
 h - a wand of flame (21/48)
 r - a wand of lightning (3/15)
 w - a wand of confusion (27/48)
Scrolls
 c - a scroll of fear {unknown}
 e - 2 scrolls of recharging {unknown}
 f - a scroll of fog {unknown}
 k - a scroll of noise {unknown}
 l - 3 scrolls of identify {unknown}
 o - a scroll of blinking {unknown}
 q - a scroll of random uselessness {unknown}
 u - a scroll of teleportation {unknown}
Potions
 b - a potion of beneficial mutation
 i - a potion of cancellation {unknown}
 m - a potion of curing {unknown}
Comestibles
 a - 4 bread rations
 g - 3 beef jerkies
 t - a slice of pizza


   Skills:
 - Level 3.2 Fighting
 - Level 2.6 Dodging
 - Level 1.7 Stealth
 + Level 9.9 Unarmed Combat


You had 6 spell levels left.
You didn't know any spells.

Dungeon Overview and Level Annotations

Branches:
Dungeon (4/15)
 Temple: D:4-7

Altars:
Ashenzari
Cheibriados
Elyvilon
Nemelex Xobeh
The Shining One


Innate Abilities, Weirdness & Mutations

You can walk through water.
Your dull iron-grey scales are very hard (AC +11).
Your body does not fit into most forms of armour.
You can survive without breathing.
You are cold-blooded and may be slowed by cold attacks.
Your large and strong wings let you fly indefinitely.
You have very sharp teeth.
You have a pair of small horns on your head.
You tend to lose your temper in combat.


Message History

You feel sick. You block the orc wizard's attack.
The orc hits you but does no damage.
The orc wizard mumbles some strange words.
The orc wizard seems to speed up.
The orc wizard looks braver for a moment.
Drink which item? (? for menu, Esc to quit)
It was a potion of brilliance.
You feel clever all of a sudden.
* * * LOW HITPOINT WARNING * * *
You feel sick. You block the orc wizard's attack.
The orc wizard closely misses you. The orc closely misses you.
The orc wizard barely misses you.
Drink which item? (? for menu, Esc to quit)
It was a potion of magic.
Magic courses through your body.
* * * LOW HITPOINT WARNING * * *
You feel sick.
The orc wizard hits you with a dagger of venom.
* * * LOW HITPOINT WARNING * * *
The orc wizard hits you with a dagger.
You die...

...............#....p..........#
##############.#..##############
# #.#..# #.. #
#.#.(###.########### #
#.#..#...†.......... #
#.#..#.#.#..######## #
#.#..#.#.#..# # #.#oo#.#.#..# #
#.o@)....#... ######......##
########


You could see 2 orc wizards and an orc.

Vanquished Creatures
  Pikel (D:4)
  3 slaves (D:4)
  A giant frog (Sewer)
  2 orc wizards
  Jessica (D:2)
  Ijyb (D:2)
  Natasha (thrice) (D:2)
  A worker ant (D:4)
  A howler monkey skeleton (D:3)
  9 adders
  An ooze (D:2)
  8 worms
  4 giant geckos
  4 orcs (D:3)
  A ball python (D:2)
  16 bats
  9 giant cockroaches
  5 goblins
  15 hobgoblins
  A quokka (D:2)
  13 giant newts
  4 kobolds
  8 rats
112 creatures vanquished.

Notes
Turn   | Place    | Note
--------------------------------------------------------------
     0 | D:1      | namelastname112 the Draconian Monk began the quest for the Orb.
     0 | D:1      | Reached XP level 1. HP: 19/19 MP: 1/1
   115 | D:1      | Reached XP level 2. HP: 26/26 MP: 2/2
   779 | D:1      | Reached skill level 5 in Unarmed Combat
   896 | D:2      | Reached XP level 3. HP: 31/31 MP: 3/3
  1024 | D:2      | Noticed Natasha
  1039 | D:2      | Killed Natasha
  1039 | D:2      | Reached XP level 4. HP: 17/38 MP: 4/4
  1212 | D:2      | Found a glowing golden altar of the Shining One.
  1212 | D:2      | Found a white marble altar of Elyvilon.
  1215 | D:2      | Found a shattered altar of Ashenzari.
  1216 | D:2      | Found a sparkling altar of Nemelex Xobeh.
  1216 | D:2      | Found a snail-covered altar of Cheibriados.
  1216 | D:2      | Noticed Jessica
  1223 | D:2      | Killed Jessica
  1249 | D:2      | Reached skill level 6 in Unarmed Combat
  1313 | D:2      | Noticed Ijyb
  1331 | D:2      | Killed Ijyb
  1387 | D:2      | Noticed Natasha
  1411 | D:2      | Killed Natasha
  1411 | D:2      | Reached XP level 5. HP: 20/45 MP: 5/5
  1423 | D:2      | Noticed Natasha
  1439 | D:2      | Killed Natasha
  2081 | D:3      | Found a glowing drain.
  2089 | Sewer    | Entered a sewer
  2154 | Sewer    | Reached skill level 7 in Unarmed Combat
  2354 | Sewer    | Reached XP level 6. HP: 23/51 MP: 6/6
  3009 | D:3      | Reached skill level 8 in Unarmed Combat
  3816 | D:4      | Noticed a slave
  3818 | D:4      | Noticed Pikel
  3819 | D:4      | Noticed a slave
  3820 | D:4      | Noticed a slave
  3820 | D:4      | Noticed a slave
  3832 | D:4      | Killed a slave
  3833 | D:4      | Killed a slave
  3833 | D:4      | Killed a slave
  3892 | D:4      | Killed Pikel
  3892 | D:4      | Reached skill level 9 in Unarmed Combat
  3892 | D:4      | Your scales start taking on a dull iron-grey colour.
  3892 | D:4      | Reached XP level 7. HP: 34/57 MP: 7/7
  3892 | D:4      | Gained mutation: You can survive without breathing. [Grey Draconian growth]
  3898 | D:4      | Gained mutation: You have very sharp teeth. [potion of mutation]
  3898 | D:4      | Gained mutation: You have a pair of small horns on your head. [potion of mutation]
  3898 | D:4      | Gained mutation: You tend to lose your temper in combat. [potion of mutation]
  3899 | D:4      | Gained mutation: Your large and strong wings let you fly indefinitely. [potion of beneficial mutation]
  3902 | D:4      | Slain by an orc wizard

Vault maps used:
D:1:      dpeg_arrival_renting
D:2:      grunt_temple_overflow_open, first_bread, uniq_iyjb, uniq_natasha,
          uniq_jessica
D:3:      gup_sewer_entry_bubbles
D:4:      uniq_pikel
Sewer:    sewer_frog_island_01

Skill      XL: |  1  2  3  4  5  6 |
---------------+-------------------+-----
Unarmed Combat | 5 6 7 9 |  9.9
Fighting       | |  3.2
Dodging        | |  2.6
Stealth        | |  1.7

Action                   |  1- 3 |  4- 6 |  7- 9 || total
-------------------------+-------+-------+-------++-------
Melee: Unarmed           |   106 |   315 |     4 ||   425
Evoke: Rod               |       |     5 |       ||     5
       Wand              |       |     3 |     1 ||     4
  Use: Potion            |       |       |     5 ||     5
 Stab: Sleeping          |     6 |     5 |       ||    11
  Eat: Chunk             |       |     6 |       ||     6
       Meat ration       |       |     1 |       ||     1
